 Dungeon Crawl Stone Soup version 0.31-a0-819-gf6de2f5ab6 (webtiles) character file.

Game seed: 5894647094551262924

1475 adelrune the Ruffian (level 8, -1/78 HPs)
             Began as a Troll Shapeshifter on Sept 23, 2023.
             Slain by a gnoll
             ... wielding a +0 flail
             ... led by a gnoll bouda
              (6 damage)
             ... on level 5 of the Dungeon.
             The game lasted 00:08:01 (3395 turns).

adelrune the Ruffian (Troll Shapeshifter)           Turns: 3395, Time: 00:08:01

Health: -1/78      AC:  4    Str: 25    XL:     8   Next: 49%
Magic:  7/7        EV: 10    Int: 12    God:
Gold:   180        SH:  0    Dex:  9    Spells: 7/7 levels left

rFire   . . .        b - +0 sling
rCold   + . .        (no shield)
rNeg    . . .        a - +0 animal skin
rPois   .            (helmet currently unavailable)
rElec   .            (cloak currently unavailable)
rCorr   .            (gloves unavailable)
SInv    .            (boots unavailable)
Will    .....        t - amulet of magic regeneration
Stlth   +            k - ring of protection from cold
HPRegen 1.13/turn    m - +6 ring of intelligence
MPRegen 0.50/turn

%: no passive effects
@: beast-form
A: beast (slay +3), large, unfitting armour, claws 3, regeneration 1, shaggy fur
1, tough skin 1
a: Begin Untransformation


You were on level 5 of the Dungeon.
You were a hulking beast.
You visited 2 branches of the dungeon, and saw 6 of its levels.

You collected 232 gold pieces.
You spent 52 gold pieces at shops.

Inventory:

Hand Weapons
 b - a +0 sling (weapon)
Armour
 a - a +0 animal skin (worn)
Jewellery
 k - a ring of protection from cold (left claw)
 m - a +6 ring of intelligence (right claw)
 t - an amulet of magic regeneration (around neck)
Talismans
 c - a beast talisman (active)
 d - a flux talisman
 u - a serpent talisman
 x - a dragon-blood talisman
Scrolls
 e - 2 scrolls of enchant weapon {unknown}
 f - a scroll of fear {unknown}
 g - 2 scrolls of poison {unknown}
 h - 4 scrolls of identify {unknown}
 o - 4 scrolls of teleportation {unknown}
 r - 3 scrolls of noise {unknown}
 s - a scroll of fog
 w - a scroll of blinking {unknown}
Potions
 i - a potion of heal wounds {unknown}
 j - 3 potions of invisibility {unknown}
 l - 2 potions of lignification
 n - a potion of berserk rage {unknown}
 p - a potion of curing {unknown}
 q - 2 potions of attraction {unknown}
 v - 2 potions of might {unknown}
 z - a potion of enlightenment {unknown}


   Skills:
 + Level 3.9 Fighting
 + Level 4.2 Dodging
 * Level 7.3 Unarmed Combat
 + Level 5.2 Shapeshifting


You had 7 spell levels left.
You didn't know any spells.
Your spell library was empty.

Dungeon Overview and Level Annotations

Branches:
Dungeon (5/15)             Temple (1/1) D:4

Altars:
Ashenzari
Cheibriados
Dithmenos
Elyvilon
Fedhas
Gozag
Hepliaklqana
Makhleb
Ru
Sif Muna
Trog
Uskayaw
Vehumet
Xom
Yredelemnul
Zin
The Shining One

Shops:
D:3 *


Innate Abilities, Weirdness & Mutations

You are a hulking beast.
Your limbs bulge with bestial killing power. (Slay +3)
You are too large for most types of armour.
You have claws for hands.
Your natural rate of healing is unusually fast.
You are covered in fur. (AC +1)
You have tough skin. (AC +1)


Message History

You shoot a sling bullet.
The sling bullet barely misses the gnoll.
The gnoll hits you with a +0 flail! The gnoll hits you with a +0 whip.
The gnoll hits you with a +1 halberd of protection.
The gnoll barely misses you.
You shoot a sling bullet.
The sling bullet hits the gnoll but does no damage.
The gnoll is heavily wounded.
The gnoll hits you with a +1 halberd of protection.
The gnoll hits you with a +0 whip. The gnoll completely misses you.
The gnoll closely misses you. The gnoll barely misses you.
You shoot a sling bullet. The sling bullet hits the gnoll.
The gnoll is almost dead.
The gnoll closely misses you. x2; The gnoll hits you with a +0 whip.
You shoot a sling bullet. The sling bullet hits the gnoll.
You kill the gnoll!
The gnoll hits you with a +0 flail. The gnoll hits you with a +0 whip.
* * * LOW HITPOINT WARNING * * *
The gnoll closely misses you. The gnoll hits you but does no damage.
You shoot a sling bullet.
The sling bullet hits the gnoll but does no damage.
The gnoll is moderately wounded.
The gnoll hits you with a +0 flail.
* * * LOW HITPOINT WARNING * * *
The gnoll hits you but does no damage.
You shoot a sling bullet.
The sling bullet closely misses the gnoll.
The gnoll barely misses you. The gnoll hits you with a +0 whip!
* * * LOW HITPOINT WARNING * * *
The gnoll barely misses you.
You shoot a sling bullet. The sling bullet hits the gnoll.
The gnoll is heavily wounded.
The gnoll misses you. The gnoll hits you with a +0 flail.
* * * LOW HITPOINT WARNING * * *
The gnoll hits you with a +0 whip.
* * * LOW HITPOINT WARNING * * *
You shoot a sling bullet.
The sling bullet barely misses the gnoll.
The gnoll hits you with a +0 flail.
You die...

#.......#.######### ####
#...#.#...........###...
#...#.#####.#####.......
##.....# #.# ####....
#...#.# #.## #....
#...#.## #..# ##...
##.....# ##.### #...
####.g####...# #...
##hg.####.######...
##)...........#...
#[#####.####.....
#...###.......###
###...##.####.#
..#########g....###.###
.....g.g.g.......).....
..#########.#.#.###.##.
#..#...###.##.


You could see 2 gnolls.

Vanquished Creatures
  Sigmund (D:5)
  Menkaure (D:5)
  Edmund (D:5)
  Duvessa (D:5)
  A black bear (D:3)
  A phantom (D:5)
  Blork the orc (D:5)
  3 scorpions
  Dowan (D:5)
  A howler monkey (D:5)
  2 orc priests
  2 hounds (D:3)
  A sleepcap (D:5)
  4 iguanas
  4 orc wizards
  4 adders
  A gnoll (D:5)
  An ufetubus (D:5)
  2 worms
  A dart slug (D:2)
  8 orcs
  5 ball pythons
  6 endoplasms
  3 giant cockroaches
  10 goblins
  7 hobgoblins
  4 jackals (D:3)
  2 quokkas
  9 bats
  2 frilled lizards (D:3)
  12 kobolds
  4 rats
106 creatures vanquished.

Notes
Turn   | Place    | Note
-------+----------+-------------------------------------------
     0 | D:1      | adelrune the Troll Shapeshifter began the quest for the
                  | Orb.
     0 | D:1      | Reached XP level 1. HP: 18/18 MP: 0/0
   156 | D:1      | Reached skill level 1 in Fighting
   158 | D:1      | Reached XP level 2. HP: 27/27 MP: 1/1
   719 | D:2      | Reached XP level 3. HP: 33/33 MP: 2/2
   866 | D:2      | Found a faded altar of an unknown god.
  1099 | D:3      | Reached XP level 4. HP: 41/41 MP: 3/3
  1158 | D:3      | Reached skill level 4 in Unarmed Combat
  1188 | D:3      | Reached XP level 5. HP: 24/49 MP: 4/4
  1396 | D:3      | Noticed a black bear
  1407 | D:3      | Killed a black bear
  1408 | D:3      | Reached skill level 5 in Unarmed Combat
  1408 | D:3      | Reached XP level 6. HP: 37/58 MP: 5/5
  1765 | D:3      | Found Binan's General Store.
  1769 | D:3      | Bought a scroll of fog for 52 gold pieces
  2142 | D:4      | Found a staircase to the Ecumenical Temple.
  2149 | Temple   | Entered the Ecumenical Temple
  2200 | D:4      | Reached XP level 7. HP: 53/66 MP: 6/6
  2749 | D:5      | Entered Level 5 of the Dungeon
  2775 | D:5      | Noticed Duvessa
  2777 | D:5      | Noticed Dowan
  2789 | D:5      | Killed Duvessa
  2791 | D:5      | Reached skill level 6 in Unarmed Combat
  2862 | D:5      | Killed Dowan
  3002 | D:5      | Noticed Blork the orc
  3003 | D:5      | Noticed Sigmund
  3010 | D:5      | Killed Blork the orc
  3011 | D:5      | Reached XP level 8. HP: 62/75 MP: 7/7
  3022 | D:5      | Killed Sigmund
  3083 | D:5      | Noticed Edmund
  3087 | D:5      | Killed Edmund
  3088 | D:5      | Reached skill level 7 in Unarmed Combat
  3088 | D:5      | Reached skill level 5 in Shapeshifting
  3144 | D:5      | Identified the +5 mace of Uhismaydu {freeze, rPois rN+
                  | rCorr Dex+2}
  3309 | D:5      | Noticed Menkaure
  3318 | D:5      | Killed Menkaure
  3394 | D:5      | HP: 3/78 [gnoll/+0 whip[a gnoll bouda] (6)]
  3395 | D:5      | Slain by a gnoll

Illustrated notes

Levels and vault maps discovered:
D:1:      ebering_trefoil_3fold, layout_basic
D:2:      layout_rooms, nicolae_ecumenical_lake_church, minmay_misc_feat_doors,
          st_stairs_7
D:3:      layout_loops_ring, serial_shops, nicolae_shop_trees,
          minmay_joined_circles
D:4:      layout_gridville, temple_statues
D:5:      layout_rooms, uniq_menkaure, uniq_edmund, uniq_blork_the_orc,
          uniq_sigmund, uniq_duvessa
Temple:   nicolae_temple_bog_church

Skill      XL: |  1  2  3  4  5  6  7  8 |
---------------+-------------------------+-----
Fighting       | 1 2 3 |  3.9
Dodging        | 2 3 4 |  4.2
Unarmed Combat | 4 5 6 7 |  7.3
Shapeshifting  | 4 5 |  5.2

Action                     |  1- 3 |  4- 6 |  7- 9 || total
---------------------------+-------+-------+-------++-------
  Melee: Unarmed           |    66 |    92 |    62 ||   220
         Punch             |     1 |     4 |     2 ||     7
         Constrict         |       |       |     2 ||     2
   Fire: Sling             |       |    28 |    39 ||    67
   Stab: Sleeping          |     1 |       |       ||     1
 Armour: Animal skin       |    45 |    71 |    97 ||   213
         Skin              |       |       |     3 ||     3
  Dodge: Dodged            |    29 |    38 |    59 ||   126
   Form: Anaconda          |       |       |     1 ||     1
         Dragon            |       |       |     1 ||     1
         Beast             |       |       |     1 ||     1

Table legend: (Time is in decaauts)
 A = Elapsed time spent in this place.
 B = Non-inter-level travel time spent in this place.
 C = Inter-level travel time spent in this place.
 D = Time resting spent in this place.
 E = Time spent auto-exploring this place.
 F = Levels seen in this place.
 G = Mean time per level.
                   A        B        C        D        E       F      G
               +--------+--------+--------+--------+--------+-----+--------+
         Total |   3390 |   3253 |    137 |    214 |   2341 |   6 |  565.0 |
       Dungeon |   3357 |   3227 |    130 |    214 |   2341 |   5 |  671.4 |
        Temple |     32 |     25 |      7 |      0 |      0 |   1 |   32.0 |
               +--------+--------+--------+--------+--------+-----+--------+

Top non-repeatable levels by time:
     D:4: 963 daAuts
     D:3: 743 daAuts
     D:1: 561 daAuts
     D:5: 558 daAuts
     D:2: 530 daAuts
  Temple: 32 daAuts
